 Dungeon Crawl Stone Soup version 0.18-a0-1211-g828307d (webtiles) character file.

602 Foomius the Chiller (level 7, -2/41 HPs)
             Began as an Octopode Ice Elementalist on Feb 1, 2016.
             Was a Follower of Vehumet.
             Shot with an arrow by a centaur (13 damage)
             ... on level 5 of the Dungeon on Feb 2, 2016.
             The game lasted 00:27:34 (5607 turns).

Foomius the Chiller (Octopode Ice Elementalist)     Turns: 5607, Time: 00:27:34

Health: -2/41      AC:  8    Str:  8    XL:     7   Next: 41%
Magic:  3/11       EV: 12    Int: 23    God:    Vehumet [*.....]
Gold:   190        SH:  0    Dex: 12    Spells: 3 memorised, 5 levels left

rFire  . . .     SeeInvis .     a - +2 dagger (elec)
rCold  . . .     Gourm    .     (no shield)
rNeg   . . .     Faith    .     (helmet restricted)
rPois  .         Spirit   .     B - amulet of rage
rElec  .         Dismiss  .     (no ring)
rCorr  .         Reflect  .     (no ring)
SustAt .         Harm     .     (no ring)
MR     .....                    (no ring)
Stlth  +++.......               (no ring)
                                (no ring)
                                (no ring)
                                (no ring)

@: icy armour, drained, not resistant to hostile enchantments, fairly stealthy
A: almost no armour, amphibious, 8 rings, constrict 8, camouflage 1, clever 2,
wild magic 1, gelatinous body 1
a: Renounce Religion, Evoke Berserk Rage


You were on level 5 of the Dungeon.
You worshipped Vehumet.
Vehumet was aware of your devotion.
You were hungry.

You visited 2 branches of the dungeon, and saw 6 of its levels.

You collected 190 gold pieces.

Inventory:

Hand Weapons
 a - a +2 dagger of electrocution (weapon)
 f - a +0 flail
 g - a +0 long sword
 r - a cursed -3 short sword
 u - a +0 morningstar
 E - a +0 mace of crushing
Missiles
 e - 167 stones (quivered)
 H - 15 poisoned needles
Armour
 C - a +0 shield
Jewellery
 B - an amulet of rage (around mantle)
Wands
 p - a wand of polymorph (14/24)
Scrolls
 i - 5 scrolls of identify {unknown}
 j - 5 scrolls of teleportation {unknown}
 k - a scroll of immolation {unknown}
 l - 2 scrolls of random uselessness {unknown}
 m - a scroll of noise {unknown}
 n - 2 scrolls of magic mapping
 o - 2 scrolls of amnesia {unknown}
 q - 2 scrolls of enchant weapon {unknown}
 y - 3 scrolls of recharging
 I - a scroll of enchant armour {unknown}
Potions
 c - 2 potions of magic
 t - a potion of resistance {unknown}
 w - a potion of heal wounds {unknown}
 z - a potion of might {unknown}
 A - a potion of lignification {unknown}
 F - a potion of curing
 G - a potion of poison {unknown}
Books
 s - a book of Frost

   Spells                             Type                      Level
   a - Freeze                         Ice                          1
   b - Throw Frost                    Conjuration/Ice              2
   c - Ozocubu's Armour               Charms/Ice                   3
   d - Throw Icicle                   Conjuration/Ice              4
   e - Summon Ice Beast               Ice/Summoning                4
   f - Condensation Shield            Ice                          4
 v - a book of Power

   Spells                             Type                      Level
   a - Fulminant Prism                Conjuration/Hexes            4
   b - Iskenderun's Mystic Blast      Conjuration                  4
   c - Venom Bolt                     Conjuration/Poison           5
   d - Bolt of Magma                  Conjuration/Fire/Earth       5
   e - Iron Shot                      Conjuration/Earth            6
   f - Orb of Destruction             Conjuration                  7
   g - Spellforged Servitor           Conjuration/Summoning        7
Comestibles
 b - 5 bread rations
 d - 2 royal jellies
 h - 3 meat rations
 x - a slice of pizza


   Skills:
 - Level 2.0(1.6) Dodging
 - Level 2.6(2.3) Stealth
 - Level 2.9(2.6) Spellcasting
 + Level 3.8(3.4) Conjurations
 + Level 3.0(2.6) Charms
 - Level 6.1(5.7) Ice Magic


You had 5 spell levels left.
You knew the following spells:

 Your Spells              Type           Power        Failure   Level  Hunger
a - Freeze                Ice            ####         4%          1    None
b - Throw Frost           Conj/Ice       #####.       7%          2    ##.....
c - Ozocubu's Armour      Chrm/Ice       ####....     19%         3    ###....


Dungeon Overview and Level Annotations

Branches:
Dungeon (5/15)             Temple (1/1) D:4

Altars:
Cheibriados
Kikubaaqudgha
Nemelex Xobeh
Okawaru
Qazlal
Ru
Vehumet
Xom
Zin


Innate Abilities, Weirdness & Mutations

You cannot wear most types of armour.
You are amphibious.
You can wear up to eight rings at the same time.
You can use your tentacles to constrict eight enemies at once.
Your skin changes colour to match your surroundings (Stealth).
Your rubbery body absorbs attacks (AC +1).
Your mind is very acute. (Int +4)
Your spells are a little harder to cast, but a little more powerful.


Message History

Read which item? (? for menu, Esc to quit)
As you read the scroll labeled SYOCLALUEPP, it crumbles to dust.
It is a scroll of recharging.
Charge which item? (? for menu, Esc to quit)
Your wand of polymorph glows for a moment.
Evoke which item? (* to show all) (? for menu, Esc to quit)
Zapping:
p - a wand of polymorph {recharged} (will waste charges)
Press: ? - help, Shift-Dir - straight line, f/p - centaur
Aim: a centaur, wielding a shortbow (severely wounded, chance to defeat MR: 46%)
The centaur evaporates and reforms as a hell rat!
Evoking this partially-identified wand wasted a few charges.
The hell rat bites you!
You feel drained. The hell rat bites you!
* * * LOW HITPOINT WARNING * * *
Drink which item? (? for menu, Esc to quit)
You feel better. The hell rat barely misses you.
The hell rat barely misses you.
The centaur shoots an arrow.
The arrow barely misses you.
The centaur shoots an arrow.
The arrow hits you!
You die...

,,,....####.........#
,,,,...............##
,,,,...####........#
**,*#.#* #........#
**,*#.# ##..#######
##.##)####...#
......(.##.#.#
.....##.##.#.#######
.....*#....#.#.r@..##
.....*###..#........##
.....* ##c#.........#
.....* #.#.c.......#
##.##* #...........#
*,******#.#.........#
*...,..<#.#.........#
##..,...,#.##.......##
........,#.#.^.......#


You could see a centaur and a hell rat.

Vanquished Creatures
  A scorpion (D:5)
  A hound (D:4)
  3 orc priests (D:4)
  3 iguanas (D:4)
  6 worker ants
  An orc wizard (D:5)
  A hound skeleton (D:4)
  5 adders
  2 adder skeletons
  3 worms
  4 giant geckos
  23 orcs
  2 bats
  9 giant cockroaches
  10 goblins
  2 hobgoblins
  11 jackals
  7 kobolds
  4 quokkas
  A ball python (D:2)
  5 giant newts
  3 rats
107 creatures vanquished.

Notes
Turn   | Place    | Note
--------------------------------------------------------------
     0 | D:1      | Foomius the Octopode Ice Elementalist began the quest for the Orb.
     0 | D:1      | Reached XP level 1. HP: 11/11 MP: 3/3
   295 | D:1      | Reached XP level 2. HP: 15/17 MP: 3/5
   299 | D:1      | Learned a level 2 spell: Throw Frost
   459 | D:1      | Reached skill level 4 in Ice Magic
   641 | D:2      | Reached XP level 3. HP: 18/21 MP: 2/6
   764 | D:2      | Learned a level 3 spell: Ozocubu's Armour
  1470 | D:3      | Reached skill level 1 in Charms
  1470 | D:3      | Reached XP level 4. HP: 27/27 MP: 2/7
  1534 | D:3      | Gained mutation: Your mind is acute. (Int +2) [potion of mutation]
  1534 | D:3      | Gained mutation: Your spells are a little harder to cast, but a little more powerful. [potion of mutation]
  1534 | D:3      | Gained mutation: Your mind is very acute. (Int +4) [potion of mutation]
  2472 | D:3      | Reached skill level 5 in Ice Magic
  2903 | D:4      | Reached XP level 5. HP: 31/31 MP: 8/8
  3365 | D:4      | Reached XP level 6. HP: 13/36 MP: 4/10
  3650 | D:4      | Upgraded the game from 0.18-a0-1203-gbde16db to 0.18-a0-1211-g828307d
  3974 | D:4      | Found a staircase to the Ecumenical Temple.
  3980 | Temple   | Entered the Ecumenical Temple
  3988 | Temple   | Became a worshipper of Vehumet
  4241 | D:4      | Found a glowing silver altar of Zin.
  4385 | D:4      | Reached skill level 6 in Ice Magic
  4478 | D:4      | Found a sparkling altar of Nemelex Xobeh.
  4798 | D:4      | Reached XP level 7. HP: 31/41 MP: 6/11
  5079 | D:5      | Entered Level 5 of the Dungeon
  5356 | D:5      | Found an iron altar of Okawaru.
  5360 | D:5      | Reached * piety under Vehumet
  5360 | D:5      | Offered knowledge of Flame Tongue by Vehumet.
  5607 | D:5      | Shot with an arrow by a centaur

Vault maps used:
D:1:      lightli_arrival_chessboard
D:4:      zin_treasury, nemelex_xobeh_ov_fountains_minmay,
          minmay_temple_entry_fiery, first_bread
D:5:      nicolae_overflow_crystal_walls, grunt_ministairs_11
Temple:   triangle_lava_temple_11

Action                   |  1- 3 |  4- 6 |  7- 9 || total
-------------------------+-------+-------+-------++-------
Melee: Spear             |    28 |       |       ||    28
       Long sword        |     5 |    17 |       ||    22
       Dagger            |       |    41 |     3 ||    44
       Flail             |       |     3 |       ||     3
       Mace              |       |     7 |       ||     7
Throw: Stone             |    50 |    93 |     5 ||   148
 Cast: Freeze            |    21 |    58 |     6 ||    85
       Throw Frost       |     5 |    25 |    22 ||    52
       Ozocubu's Armour  |       |       |     2 ||     2
Evoke: Wand              |       |       |     1 ||     1
  Use: Potion            |       |     5 |     1 ||     6
       Scroll            |       |       |     2 ||     2
 Stab: Sleeping          |     6 |     4 |       ||    10
       Distracted        |     1 |       |       ||     1
  Eat: Chunk             |     2 |    12 |     3 ||    17
